 Dungeon Crawl Stone Soup version 0.24-a0-537-g2d01d4ab0a (webtiles) character file.

Game seed: 4656590655036550454

199862 Napalmbreeze the Warrior (level 17, 0/166 HPs)
             Began as a Yellow Draconian Berserker on Aug 13, 2019.
             Was the Champion of Trog.
             Killed from afar by a merfolk aquamancer (32 damage)
             ... with a torrent of water
             ... on level 4 of the Shoals on Aug 14, 2019.
             The game lasted 01:49:18 (40055 turns).

Napalmbreeze the Warrior (DrBe)                    Turns: 40055, Time: 01:49:19

Health: 0/166      AC: 19    Str: 22    XL:     17   Next: 86%
Magic:  27/27      EV: 23    Int:  9    God:    Trog [******]
Gold:   2195       SH:  9    Dex: 16    Spells: 16/16 levels left

rFire    . . .     SeeInvis +   U - +4 eveningstar (protect)
rCold    . . .     Gourm    .   E - +2 buckler {rN+}
rNeg     + . .     Faith    .   (armour unavailable)
rPois    +         Spirit   .   B - +2 hat {SInv}
rElec    .         Reflect  .   z - +1 cloak {rPois}
rCorr    +         Harm     +   Y - +0 pair of gloves
MR       +....                  K - +0 pair of boots (curse)
Stlth    +.........             r - amulet of harm
HPRegen  0.37/turn              C - +4 ring of protection
MPRegen  0.20/turn              Q - +2 ring of dexterity

@: berserk cooldown, slowed, glowing, very slow
A: spit acid, unfitting armour, acidic bite, cold-blooded, acid resistance, AC
+9
}: 1/15 runes: gossamer
a: Breathe Acid, Berserk, Trog's Hand, Brothers in Arms, Renounce Religion


You were on level 4 of the Shoals.
You worshipped Trog.
Trog was exalted by your worship.
You were hungry.

You visited 5 branches of the dungeon, and saw 31 of its levels.
You also visited: Sewer.

You collected 2502 gold pieces.
You spent 307 gold pieces at shops.

Inventory:

Hand Weapons
 a - a +2 antimagic demon whip
 A - a +3 morningstar of holy wrath
 U - a +4 eveningstar of protection (weapon)
Armour
 z - a +1 cloak of poison resistance (worn)
 B - a +2 hat of see invisible (worn)
 D - a scarf of resistance
 E - a +2 buckler of positive energy (worn)
 K - a cursed +0 pair of boots (worn)
 Y - a +0 pair of gloves (worn)
Jewellery
 r - an amulet of harm (around neck)
 s - an uncursed ring of positive energy
 C - a +4 ring of protection (left hand)
 I - the ring of the Mage {Wiz MR++ Int+3}
   (You found it on level 6 of the Dungeon)

   [ring of wizardry]

   It improves your spell success rate.
   It affects your intelligence (+3).
   It affects your resistance to hostile enchantments.
 J - a +4 ring of strength
 O - a +3 amulet of reflection
 Q - a +2 ring of dexterity (right hand)
 V - an uncursed ring of flight
Wands
 c - a wand of scattershot (5)
 u - a wand of paralysis (38)
 v - a wand of clouds (4)
 G - a wand of iceblast (10)
 L - a wand of disintegration (9)
 N - a wand of acid (17)
 S - a wand of digging (9)
Scrolls
 f - 16 scrolls of remove curse
 j - 15 scrolls of teleportation
 n - a scroll of blinking
 p - a scroll of silence
 t - 3 scrolls of fog
 y - 3 scrolls of enchant armour
 M - a scroll of identify
 R - 8 scrolls of magic mapping
 Z - 4 scrolls of fear
Potions
 d - 3 potions of mutation {unknown}
 g - 13 potions of curing
 i - 6 potions of heal wounds
 k - 9 potions of haste
 l - 9 potions of might
 o - a potion of magic
 q - 3 potions of ambrosia
 w - 6 potions of agility {unknown}
 x - 5 potions of lignification {unknown}
 F - 2 potions of invisibility
 X - 6 potions of flight {unknown}
Miscellaneous
 e - a lamp of fire
 h - a sack of spiders
 H - a phial of floods
Comestibles
 b - 35 rations
 m - 5 chunks of flesh


   Skills:
 - Level 18.7 Fighting
 - Level 16.0 Maces & Flails
 + Level 14.3 Dodging
 * Level 9.3 Shields
 + Level 13.5 Evocations


You had 16 spell levels left.
You didn't know any spells.
Your spell library was empty.

Dungeon Overview and Level Annotations

Branches:
Dungeon (15/15)            Temple (0/1) D:5            Lair (6/6) D:9
 Shoals (4/4) Lair:3       Spider (4/4) Lair:3        Slime (0/5) Lair:6
    Orc (2/2) D:11            Elf (0/3) Orc:2        Vaults (0/5) D:14
 Depths (0/5) D:15

Altars:
Cheibriados
Dithmenos
Nemelex Xobeh
Ru
Sif Muna
Wu Jian
Xom
The Shining One
Beogh
Jiyva

Shops:
D:8 %   D:10 %   D:15 (:(   Orc:2 [[((

Portals:
Trove: D:12 (give +2 gold dragon scales)

Annotations:
Lair:2 1 runed translucent door, Capram's ghost, journeyman FoFi
Lair:3 1 runed translucent door, losten's ghost, journeyman HOFi


Innate Abilities, Weirdness & Mutations

You can spit globs of acid.
Your golden yellow scales are hard. (AC +9)
You cannot fit into any form of body armour.
You have acidic saliva.
You are cold-blooded and may be slowed by cold attacks.
You are resistant to acid. (rCorr)


Message History

a +0 club; a +0 hunting sling; 19 stones; a faun corpse You butcher the faun corpse.
You feel a strong urge to attack something.
The merfolk aquamancer shouts!
You hear a shout!
Items here: % ( )) ÷ a +0 club; a +0 hunting sling; 19 stones; 2 chunks of flesh; a faun skeleton You are no longer berserk.
You are exhausted.
You feel yourself slow down.
You see here 6 sling bullets.
The merfolk aquamancer gestures at you while chanting.
The ball of steam hits you!!
* * * LOW HITPOINT WARNING * * *
You see here a sling bullet.
You feel much better.
There is a stone staircase leading up here.
You see here a stone.
The merfolk aquamancer casts a spell at you.
The torrent of water hits you!!
You die...

≈≈≈≈≈≈≈≈≈≈≈≈≈..
≈≈≈≈≈≈≈≈≈≈.....≈
≈≈≈≈≈≈≈≈≈......≈
≈≈≈≈≈≈≈≈.......
≈≈≈≈≈≈≈........
≈≈≈≈≈≈≈≈(...#
≈≈≈≈≈.(((...# .
≈≈≈≈≈..@....###..
≈≈≈≈...(.........
≈≈≈≈....(.$......
≈≈≈≈.)..(...[....
≈≈≈≈..##(m)......
≈≈≈≈.. #)()......
≈≈≈..............
≈≈≈......E....m..
≈≈≈≈≈≈≈..........


You could see a merfolk aquamancer, a merfolk (wandering) and a water elemental
(wandering).

Vanquished Creatures
  Arachne (Spider:4)
  Polyphemus (Shoals:3)
  Gastronok (Lair:3)
  Roxanne (Spider:1)
  5 ghost moths
  An orc warlord (Orc:2)
  5 emperor scorpions
  2 entropy weavers
  2 spark wasps (Spider:4)
  An ettin (Orc:2)
  A fire dragon (Lair:6)
  Harold (D:9)
  4 vault guards
  10 hydras
  A catoblepas (Shoals:3)
  A merfolk avatar (Shoals:3)
  8 two-headed ogres
  3 centaur warriors
  An ogre mage (D:15)
  A satyr (Shoals:4)
  3 death yaks
  4 orc high priests (Orc:2)
  Urug (Lair:5)
  A fire crab (shapeshifter) (D:15)
  8 sea snakes
  A glowing orange brain (D:15)
  3 unseen horrors
  3 necromancers (D:14)
  A lindwurm (Lair:6)
  A wizard (D:14)
  35 wolf spiders
  8 harpies
  5 ugly things
  6 orc knights
  20 orb spiders
  A salamander (shapeshifter) (D:15)
  3 deep elf magi
  An oklob plant (Lair:6)
  13 fauns
  6 cyclopes
  2 moths of wrath
  5 orc sorcerers (Orc:2)
  7 manticores
  4 black mambas
  7 merfolk sirens
  A guardian serpent (shapeshifter) (D:14)
  Maurice (D:12)
  4 water nymphs
  3 molten gargoyles (Lair:6)
  Joseph (D:7)
  Psyche (D:11)
  2 spiny frogs (shapeshifter) (D:15)
  2 torpor snails
  8 spiny frogs
  4 rime drakes
  11 komodo dragons
  A freezing wraith (D:15)
  4 demonic crawlers
  4 merfolk
  33 jumping spiders
  2 tengu conjurers (D:15)
  A polar bear (shapeshifter) (D:15)
  9 trolls
  A wind drake (Shoals:1)
  A queen bee (Lair:2)
  7 polar bears
  11 hornets
  8 blink frogs
  27 hippogriffs
  15 dream sheep
  A wind drake (shapeshifter) (D:15)
  4 snapping turtles
  6 slime creatures
  A centaur simulacrum (D:15)
  59 redbacks
  Sigmund (D:4)
  A meliai zombie (D:11)
  4 shadows
  18 tarantellas
  13 wyverns
  13 basilisks
  35 yaks
  4 hogs (D:10)
  A water elemental (D:14)
  18 humans
  Eustachio (D:4)
  A hungry ghost (D:8)
  Grum (D:11)
  3 steam dragons
  4 vampire mosquitoes (D:15)
  9 wargs
  3 acid dragons
  4 porcupines
  5 hell hounds
  11 water moccasins
  An eye of draining (D:15)
  5 ice beasts
  50 orc warriors
  5 sky beasts
  4 black bears
  20 ogres
  3 necrophages
  2 phantoms
  25 centaurs
  An ogre (shapeshifter) (D:15)
  5 boggarts (D:14)
  12 wolves
  11 crocodiles
  2 big kobolds
  Blork the orc (D:5)
  15 bullfrogs
  A gnoll sergeant (Orc:1)
  3 scorpions
  37 killer bees
  9 howler monkeys
  4 wights (D:11)
  3 electric eels
  A bullfrog zombie (D:12)
  5 crimson imps
  5 lava snakes (Lair:6)
  2 quasits
  A gnoll shaman (D:4)
  39 orc priests
  8 centaur skeletons
  4 jellies
  Crazy Yiuf (D:4)
  A bullfrog skeleton (D:12)
  6 hounds
  A hell rat (Lair:2)
  19 orc wizards
  Natasha (thrice) (D:2)
  9 worker ants
  A hound zombie (D:4)
  2 human simulacra (D:13)
  3 hound skeletons
  A howler monkey zombie (D:9)
  A worker ant zombie (D:11)
  7 gnolls
  3 river rats (D:3)
  8 adders
  2 shadow imps (D:9)
  4 oozes
  An adder skeleton (D:6)
  An adder zombie (D:8)
  5 worms
  A dart slug (D:3)
  7 leopard geckos
  120 orcs
  4 bats
  17 giant cockroaches
  9 goblins
  10 hobgoblins
  13 jackals
  16 kobolds
  5 quokkas
  3 ball pythons
  8 frilled lizards
  A leopard gecko skeleton (D:6)
  A quokka skeleton (D:4)
  A quokka zombie (D:9)
  7 rats
  A bush (Lair:6)
1170 creatures vanquished.

Vanquished Creatures (collateral kills)
  A hydra (D:11)
  A troll (D:11)
  A dream sheep (D:13)
  A hippogriff (D:13)
  3 orc warriors (D:11)
  3 black bears (D:13)
  A wolf (D:13)
  2 centaurs (D:13)
  A bullfrog (D:13)
  An orc priest (D:11)
  A hound (D:13)
  4 orcs (D:11)
20 creatures vanquished.

Vanquished Creatures (others)
  A bullfrog (D:13)
  A killer bee (Lair:2)
  An orc wizard (D:13)
  5 plants (Shoals:2)
  2 withered plants (Lair:3)
10 creatures vanquished.

Grand Total: 1200 creatures vanquished

Notes
Turn   | Place    | Note
-------+----------+-------------------------------------------
     0 | D:1      | Napalmbreeze the Draconian Berserker began the quest for
                  | the Orb.
     0 | D:1      | Reached XP level 1. HP: 19/19 MP: 1/1
   248 | D:1      | Reached XP level 2. HP: 15/27 MP: 2/2
   856 | D:2      | Reached skill level 4 in Fighting
   954 | D:2      | Reached XP level 3. HP: 29/33 MP: 3/3
  1121 | D:2      | Found a sacrificial altar of Ru.
  1140 | D:2      | Reached ** piety under Trog
  1208 | D:2      | Noticed Natasha
  1217 | D:2      | Killed Natasha
  1390 | D:2      | Reached XP level 4. HP: 40/41 MP: 2/4
  1435 | D:2      | Noticed Natasha
  1439 | D:2      | Killed Natasha
  1571 | D:2      | Noticed Natasha
  1582 | D:2      | Killed Natasha
  1582 | D:2      | Reached skill level 5 in Fighting
  1595 | D:3      | Found a shimmering blue altar of Sif Muna.
  1595 | D:3      | Found a shimmering altar of Xom.
  1731 | D:3      | Reached XP level 5. HP: 45/48 MP: 5/5
  2039 | D:3      | Found a glowing drain.
  2043 | Sewer    | Entered a sewer
  2313 | Sewer    | Reached *** piety under Trog
  2415 | Sewer    | Reached XP level 6. HP: 10/57 MP: 2/6
  2422 | Sewer    | Reached skill level 6 in Fighting
  2637 | D:3      | Found a glowing golden altar of the Shining One.
  3215 | D:4      | Noticed Sigmund
  3233 | D:3      | Your scales start taking on a golden yellow colour.
  3233 | D:3      | Reached XP level 7. HP: 54/64 MP: 7/7
  3233 | D:3      | Gained mutation: You are resistant to acid. (rCorr) [Yellow
                  | Draconian growth]
  3243 | D:4      | Killed Sigmund
  3243 | D:4      | Reached skill level 7 in Fighting
  3281 | D:4      | Reached skill level 5 in Maces & Flails
  3735 | D:4      | Noticed Eustachio
  3747 | D:4      | Killed Eustachio
  3747 | D:4      | Reached skill level 8 in Fighting
  3747 | D:4      | Reached skill level 5 in Dodging
  3747 | D:4      | Reached XP level 8. HP: 59/74 MP: 4/8
  4099 | D:4      | Found a runed translucent door.
  4242 | D:4      | Noticed Crazy Yiuf
  4248 | D:4      | Killed Crazy Yiuf
  4290 | D:5      | Entered Level 5 of the Dungeon
  4297 | D:5      | Noticed Blork the orc
  4344 | D:5      | Killed Blork the orc
  4344 | D:5      | Reached **** piety under Trog
  4593 | D:5      | Reached skill level 9 in Fighting
  4796 | D:5      | Found a staircase to the Ecumenical Temple.
  5477 | D:5      | Found a snail-covered altar of Cheibriados.
  5663 | D:6      | Reached XP level 9. HP: 57/85 MP: 9/9
  5897 | D:6      | Reached skill level 1 in Evocations
  5971 | D:6      | Found a sparkling altar of Nemelex Xobeh.
  5973 | D:6      | Reached ***** piety under Trog
  6133 | D:6      | Reached skill level 10 in Fighting
  6217 | D:6      | Found the ring of the Mage {Wiz MR++ Int+3}
  7005 | D:7      | Noticed Joseph
  7015 | D:7      | Killed Joseph
  7105 | D:8      | Found an ornate altar of the Wu Jian Council.
  7176 | D:8      | Reached XP level 10. HP: 71/94 MP: 12/12
  7219 | D:8      | Found Iladoi's Food Emporium.
  7355 | D:8      | Noticed a two-headed ogre
  7360 | D:8      | Killed a two-headed ogre
  7360 | D:8      | Reached skill level 11 in Fighting
  8414 | D:9      | Received a gift from Trog
  8510 | D:9      | Noticed Harold
  8519 | D:9      | Killed Harold
  8539 | D:9      | Reached skill level 12 in Fighting
  8618 | D:9      | Found a staircase to the Lair.
  9110 | D:9      | Reached skill level 5 in Evocations
  9164 | D:9      | Reached XP level 11. HP: 81/103 MP: 14/14
  9306 | D:10     | Entered Level 10 of the Dungeon
  9911 | D:10     | Found Xiahaurph's Food Boutique.
 10027 | D:11     | Reached ****** piety under Trog
 10341 | D:11     | Received a gift from Trog
 10376 | D:11     | Noticed Psyche
 10412 | D:11     | Noticed Grum
 10417 | D:11     | Killed Grum
 10641 | D:11     | Noticed a four-headed hydra
 10645 | D:11     | Killed a four-headed hydra
 11028 | D:11     | Killed Psyche
 11086 | D:11     | Noticed a green ugly thing
 11100 | D:11     | Killed a green ugly thing
 11100 | D:11     | Reached skill level 13 in Fighting
 11222 | D:11     | Noticed a red ugly thing
 11237 | D:11     | Killed a red ugly thing
 11237 | D:11     | Reached skill level 10 in Maces & Flails
 11407 | D:11     | Found a staircase to the Orcish Mines.
 11570 | Lair:1   | Entered Level 1 of the Lair of Beasts
 11779 | Lair:1   | Reached XP level 12. HP: 93/114 MP: 17/17
 12977 | Lair:2   | Noticed a six-headed hydra
 12993 | Lair:2   | Killed a six-headed hydra
 12993 | Lair:2   | Received a gift from Trog
 14364 | Lair:2   | Found a sparkling altar of Nemelex Xobeh.
 14578 | Lair:2   | Found a runed translucent door.
 14578 | Lair:2   | Found a shimmering altar of Xom.
 14578 | Lair:2   | Noticed Capram's ghost (journeyman FoFi)
 15110 | Lair:3   | Received a gift from Trog
 15220 | Lair:3   | Found a hole to the Spider Nest.
 15240 | Lair:3   | Noticed Gastronok
 15266 | Lair:3   | Killed Gastronok
 15373 | Lair:3   | Reached XP level 13. HP: 118/122 MP: 6/19
 15440 | Lair:3   | Reached skill level 14 in Fighting
 15454 | Lair:3   | Reached skill level 10 in Dodging
 15689 | Lair:3   | Found a staircase to the Shoals.
 16114 | Lair:3   | Found a runed translucent door.
 16114 | Lair:3   | Noticed losten's ghost (journeyman HOFi)
 17075 | Lair:5   | Noticed Urug
 17108 | Lair:5   | Killed Urug
 17824 | Lair:6   | Entered Level 6 of the Lair of Beasts
 18284 | Lair:6   | Reached skill level 15 in Fighting
 18444 | Lair:6   | Received a gift from Trog
 18870 | Lair:6   | Reached skill level 10 in Evocations
 19567 | Lair:6   | Found a large runed translucent door.
 19908 | Lair:6   | Noticed a fire dragon
 19931 | Lair:6   | Gained mutation: You have acidic saliva. [Yellow Draconian
                  | growth]
 19931 | Lair:6   | Reached XP level 14. HP: 135/135 MP: 7/21
 20042 | Lair:6   | Found a large runed translucent door.
 20113 | Lair:6   | Found a viscous altar of Jiyva.
 20113 | Lair:6   | Found a staircase to the Slime Pits.
 20613 | D:12     | Reached skill level 16 in Fighting
 20783 | D:12     | Found a portal to a secret trove of treasure.
 20783 | D:12     | You fall into a shaft and drop 3 floors!
 20783 | D:15     | Entered Level 15 of the Dungeon
 21199 | D:15     | Found Fagum's Book Shoppe.
 21307 | D:15     | Found Magut's Weapon Shoppe.
 21360 | D:14     | Received a gift from Trog
 21722 | D:13     | Found a huge runed translucent gate.
 21723 | D:13     | Found a huge runed translucent gate.
 21724 | D:13     | Found a huge runed translucent gate.
 21725 | D:13     | Found a huge runed translucent gate.
 21752 | D:13     | Found a shadowy altar of Dithmenos.
 21819 | D:12     | Reached skill level 17 in Fighting
 21870 | D:12     | Identified the +5 long sword of Opimog {venom, +Inv Str+2}
 22642 | D:12     | Noticed Maurice
 22660 | D:12     | Killed Maurice
 23270 | D:13     | Received a gift from Trog
 23930 | D:14     | Reached XP level 15. HP: 143/147 MP: 7/22
 24244 | D:14     | Received a gift from Trog
 24345 | D:14     | Found a gate to the Vaults.
 24355 | D:14     | Reached skill level 18 in Fighting
 24732 | D:15     | Found Helipt's Antique Weapon Emporium.
 25334 | D:15     | Found a staircase to the Depths.
 25482 | Orc:1    | Entered Level 1 of the Orcish Mines
 25925 | Orc:2    | Entered Level 2 of the Orcish Mines
 25951 | Orc:2    | Received a gift from Trog
 26610 | Orc:2    | Found Wimewn's Antique Armour Shoppe.
 26774 | Orc:2    | Found Nicloppye's Antique Armour Emporium.
 27016 | Orc:2    | Found a roughly hewn altar of Beogh.
 28210 | Orc:2    | Received a gift from Trog
 28509 | Orc:2    | Found a staircase to the Elven Halls.
 28797 | Orc:2    | Noticed an orc warlord
 28817 | Orc:2    | Killed an orc warlord
 29014 | Orc:2    | Found Joworup's Antique Weapon Shoppe.
 29039 | Orc:2    | Found a roughly hewn altar of Beogh.
 29058 | Orc:2    | Found Soqioj's Antique Weapon Emporium.
 29465 | Orc:2    | Bought a glowing buckler for 307 gold pieces
 29805 | Spider:1 | Entered Level 1 of the Spider Nest
 30255 | Spider:1 | Reached XP level 16. HP: 84/158 MP: 24/24
 30873 | Spider:1 | Identified Roxanne's Compendium of the Rocks
 30873 | Spider:1 | Noticed Roxanne
 30889 | Spider:1 | Killed Roxanne
 31145 | Spider:2 | Reached skill level 5 in Shields
 31858 | Spider:2 | Received a gift from Trog
 33974 | Spider:4 | Entered Level 4 of the Spider Nest
 34047 | Spider:4 | Received a gift from Trog
 34669 | Spider:4 | Noticed Arachne
 34690 | Spider:4 | Killed Arachne
 34985 | Spider:4 | Reached skill level 15 in Maces & Flails
 35264 | Spider:4 | Reached XP level 17. HP: 136/166 MP: 26/26
 35568 | Spider:4 | Received a gift from Trog
 36960 | Spider:4 | Got a gossamer rune of Zot
 37272 | Shoals:1 | Entered Level 1 of the Shoals
 38389 | Shoals:2 | Received a gift from Trog
 39558 | Shoals:3 | Noticed Polyphemus
 39592 | Shoals:3 | Killed Polyphemus
 40013 | Shoals:4 | Entered Level 4 of the Shoals
 40044 | Shoals:4 | Received a gift from Trog
 40051 | Shoals:4 | HP: 8/166 [something/ball of steam (38)]
 40055 | Shoals:4 | Killed from afar by a merfolk aquamancer

Levels and vault maps discovered:
D:1:      dpeg_arrival_tiny_c, layout_loops_ring, minmay_tromino_i2
D:2:      layout_loops_cross, nicolae_ru_sacrificial_ziggurat, uniq_natasha
D:3:      layout_basic, chequers_temple_overflow_statue_of_worship,
          lemuel_doored_altar, gup_sewer_entry_spiral, roderic_roman_lattice
D:4:      corexii_shack_village, layout_loops_cross, first_ration,
          uniq_eustachio, uniq_sigmund, uniq_crazy_yiuf_cottage
D:5:      layout_cave_pools, slow_altar_2, minmay_temple_entry_ruins,
          minivault_5, uniq_blork_the_orc
D:6:      layout_rooms, nemelex_xobeh_ov_fountains_minmay
D:7:      layout_basic, uniq_joseph
D:8:      layout_basic, kennysheep_mini, serial_shops, shop
D:9:      layout_basic, erik_lair_orcish_takeover, uniq_harold
D:10:     layout_roguey, serial_shops, shop, grunt_livestock
D:11:     layout_long_grid, david_orc_4, uniq_psyche, uniq_grum
D:12:     layout_loops_cross, enter_trove_5, minmay_splitting_lines,
          uniq_maurice
D:13:     lemuel_bear_cage, layout_cross, basic_altar, minivault_14,
          bh_circular_ruins
D:14:     layout_roguey [special_room_mythical_zoo], grunt_vaults_entry_tiered,
          minivault_25
D:15:     gammafunk_enter_depths_forms, layout_rooms, corexii_hall_statues_x,
          serial_shops, shop, nicolae_shop_crystal, shop_fountains
Lair:1:   layout_concentric_octagons, minivault_26, grunt_megastairs_1,
          serial_bayou_shore_b
Lair:2:   regret_index_wax_grids, layout_cave_pods, ebering_ghost_xom,
          basic_altar
Lair:3:   layout_hall_layers, elwin_shoals_entry_rooms,
          spider_nest_entry_web_field, gammafunk_ghost_grave,
          infiniplex_staircase_pool, uniq_gastronok
Lair:4:   layout_hall_layers, patterned_corridor
Lair:5:   layout_long_grid, uniq_urug
Lair:6:   cheibrodos_lair_end_hotspot, layout_cave_pods,
          dpeg_slime_entry_enclosed_altar, minmay_lair_oklob_bushes
Shoals:1: layout_shoals
Shoals:2: layout_shoals
Shoals:3: layout_shoals, uniq_polyphemus
Shoals:4: shoals_end_grunt_ice, layout_shoals
Spider:1: layout_spider_delve, uniq_roxanne
Spider:2: layout_spider_delve
Spider:3: layout_spider_delve, hangedman_spider_mandibles
Spider:4: spider_rune_water, drop_trap, uniq_arachne
Orc:1:    layout_diamond_mine
Orc:2:    pubby_orc_utopia, serial_shops

Skill      XL: |  1  2  3  4  5  6  7  8  9 10 11 12 13 14 15 16 17 |
---------------+----------------------------------------------------+-----
Fighting       | 4 5 6 8 9 10 12 13 15 17 18 | 18.7
Dodging        | 3 4 5 6 7 8 9 11 12 13 14 | 14.3
Maces & Flails | 4 5 6 7 8 10 12 13 15 16 | 16.0
Evocations     | 3 5 6 8 10 11 12 13 | 13.5
Shields        | 4 7 9 |  9.3

Action                   |  1- 3 |  4- 6 |  7- 9 | 10-12 | 13-15 | 16-18 || total
-------------------------+-------+-------+-------+-------+-------+-------++-------
Melee: Mace              |    82 |   226 |    13 |       |       |       ||   321
       Tailslap          |     6 |    19 |    23 |   109 |   318 |   184 ||   659
       Flail             |       |       |   219 |   537 |       |       ||   756
       Dire flail        |       |       |       |    36 |       |       ||    36
       Demon whip        |       |       |       |   260 |  1429 |       ||  1689
       Bite              |       |       |       |       |   179 |   146 ||   325
       Eveningstar       |       |       |       |       |   160 |   931 ||  1091
Throw: Throwing net      |       |       |     1 |       |       |       ||     1
Invok: Berserk           |     2 |     6 |    12 |    19 |    26 |    21 ||    86
       Trog's Hand       |       |       |     1 |     3 |     4 |     1 ||     9
       Brothers in Arms  |       |       |       |     2 |     2 |       ||     4
 Abil: Breathe Acid      |       |       |     3 |     1 |     5 |     5 ||    14
       Evoke Flight      |       |       |       |       |     2 |       ||     2
Evoke: Wand              |       |       |       |       |    15 |    28 ||    43
  Use: Scroll            |       |     7 |     1 |     9 |     2 |     5 ||    24
       Potion            |       |     3 |       |       |       |     4 ||     7
 Stab: Sleeping          |     1 |     1 |     1 |       |     1 |     1 ||     5
       Distracted        |       |       |     1 |       |     2 |     2 ||     5
       Held in net/web   |       |       |       |       |       |     2 ||     2
       Paralysed         |       |       |       |       |       |     2 ||     2
  Eat: Chunk             |     3 |    12 |    22 |    36 |    44 |    22 ||   139
       Ration            |       |       |     1 |     4 |     9 |     9 ||    23
Armor: Skin              |    31 |    76 |    48 |   255 |   274 |   323 ||  1007
Dodge: Dodged            |    64 |   196 |   144 |   588 |   904 |   915 ||  2811
Block: Buckler           |       |       |    22 |   140 |   264 |   393 ||   819

Table legend:
 A = Non-vault XP
 B = Vault XP
 C = Vault XP percentage of total XP
 D = Non-vault monster count
 E = Vault monster count
 F = Vault count percentage of total count
                 A         B        C        D         E       F
            +---------+---------+-------+---------+---------+-------
      Total |  173292 |  106365 |  38.0 |     768 |     423 |  35.5
            +---------+---------+-------+---------+---------+-------
        D:1 |      22 |       1 |   4.3 |      10 |       1 |   9.1
        D:2 |     117 |      35 |  23.0 |      25 |       1 |   3.8
        D:3 |      49 |      53 |  52.0 |      18 |       8 |  30.8
        D:4 |     831 |     470 |  36.1 |      23 |       9 |  28.1
        D:5 |     804 |      96 |  10.7 |      18 |       2 |  10.0
        D:6 |     699 |       0 |   0.0 |      28 |       0 |   0.0
        D:7 |    1470 |     419 |  22.2 |      21 |       1 |   4.5
        D:8 |    2351 |       0 |   0.0 |      25 |       0 |   0.0
        D:9 |    1840 |    1661 |  47.4 |      34 |      10 |  22.7
       D:10 |    2535 |    1001 |  28.3 |      26 |       5 |  16.1
       D:11 |    4695 |    1326 |  22.0 |      40 |      18 |  31.0
       D:12 |    5860 |    1470 |  20.1 |      29 |       2 |   6.5
       D:13 |    3326 |    3388 |  50.5 |      21 |      19 |  47.5
       D:14 |    9676 |   16257 |  62.7 |      46 |      49 |  51.6
       D:15 |   12474 |    4469 |  26.4 |      34 |       9 |  20.9
     Lair:1 |    1767 |     752 |  29.9 |      11 |       4 |  26.7
     Lair:2 |    4339 |    5949 |  57.8 |      16 |      45 |  73.8
     Lair:3 |    6915 |    2068 |  23.0 |      33 |       1 |   2.9
     Lair:4 |    1463 |       0 |   0.0 |       5 |       0 |   0.0
     Lair:5 |    4628 |     804 |  14.8 |      12 |       1 |   7.7
     Lair:6 |    7186 |    9699 |  57.4 |      28 |      30 |  51.7
   Shoals:1 |   10991 |       0 |   0.0 |      23 |       0 |   0.0
   Shoals:2 |   16697 |       0 |   0.0 |      36 |       0 |   0.0
   Shoals:3 |    3717 |    5149 |  58.1 |       8 |       4 |  33.3
   Shoals:4 |    2451 |       0 |   0.0 |       4 |       0 |   0.0
   Spider:1 |   11775 |    2015 |  14.6 |      29 |       1 |   3.3
   Spider:2 |   11919 |       0 |   0.0 |      34 |       0 |   0.0
   Spider:3 |   19967 |       0 |   0.0 |      45 |       0 |   0.0
   Spider:4 |   18986 |   27286 |  59.0 |      51 |      40 |  44.0
      Orc:1 |    3728 |       0 |   0.0 |      34 |       0 |   0.0
      Orc:2 |      14 |   21777 |  99.9 |       1 |     144 |  99.3
      Sewer |       0 |     220 | 100.0 |       0 |      19 | 100.0
            +---------+---------+-------+---------+---------+-------
